 Dungeon Crawl Stone Soup version 0.29.1-2-gbd0b4ee654 (webtiles) character file.

Game seed: 7908251025454076196

554 styxcanada the Covert (level 7, -4/35 HPs)
             Began as a Spriggan Brigand on Nov 9, 2022.
             Splashed by a jelly's acid (6 damage)
             ... on level 6 of the Dungeon.
             The game lasted 00:16:30 (5743 turns).

styxcanada the Covert (Spriggan Brigand)            Turns: 5743, Time: 00:16:32

Health: -4/35      AC: -4    Str:  7    XL:     7   Next: 8%
Magic:  10/10      EV: 19    Int: 12    God:
Gold:   200        SH:  0    Dex: 19    Spells: 6/9 levels left

rFire   . . .      SeeInvis +   a - +2 dagger
rCold   . . .      Faith    .   (no shield)
rNeg    . . .      Spirit   .   b - +1 robe
rPois   .          Reflect  .   (helmet restricted)
rElec   .          Harm     .   c - +0 cloak
rCorr   .          Rampage  .   (gloves unavailable)
Will    +....                   (boots unavailable)
Stlth   ++++......              (no amulet)
HPRegen 0.11/turn               q - +4 ring of slaying
MPRegen 0.12/turn               j - ring of wizardry

@: corroded, very quick
A: very small, no large weapons, unfitting armour, see invisible, speed 3
a: no special abilities


You were on level 6 of the Dungeon.
You visited 1 branch of the dungeon, and saw 6 of its levels.

You collected 200 gold pieces.

Inventory:

Hand Weapons
 a - a +2 dagger (weapon)
 i - a +1 sling
Missiles
 d - 6 poisoned darts
 e - 2 curare-tipped darts (quivered)
 g - 23 stones
Armour
 b - a +1 robe (worn)
 c - a +0 cloak (worn)
Jewellery
 j - a ring of wizardry (right hand)
 q - a +4 ring of slaying (left hand)
 v - an amulet of faith
Wands
 r - a wand of mindburst (17)
Scrolls
 l - 2 scrolls of poison
 m - a scroll of blinking
 n - 3 scrolls of enchant armour
 p - 4 scrolls of teleportation
Potions
 f - 3 potions of curing
 h - a potion of might
 k - 2 potions of flight {unknown}
 o - a potion of berserk rage {unknown}
 s - a potion of heal wounds {unknown}


   Skills:
 * Level 2.6 Fighting
 + Level 3.8 Short Blades
 + Level 3.0 Throwing
 * Level 4.1 Dodging
 * Level 8.7 Stealth
 * Level 1.9 Spellcasting
 * Level 2.0 Hexes
 * Level 1.4 Evocations


You had 6 spell levels left.
You knew the following spells:

 Your Spells              Type           Power      Damage    Failure   Level
a - Confusing Touch       Hex            5%         N/A       16%         3

Your spell library contained the following spells:

 Spells                   Type           Power      Damage    Failure   Level
 Slow                     Hex            20%        N/A       4%          1
 Vampiric Draining        Necr           1%         2d6       32%         3


Dungeon Overview and Level Annotations

Branches:
Dungeon (6/15)
 Temple: D:4-7

Altars:
Nemelex Xobeh


Innate Abilities, Weirdness & Mutations

You are very small and have problems with some larger weapons.
You are too small for most types of armour.
You have supernaturally acute eyesight. (SInv)
You cover ground extremely quickly. (Speed+++)


Message History

Done exploring.
(D) Dungeon
Where to? (Enter - D:5 @ (x,y), ? - help)
What level of the Dungeon? (default 1, ? - help)
There is a stone staircase leading down here.
You climb downwards.
There is a stone staircase leading up here.
Found a sling.
Found a stone staircase leading up.
A jelly comes into view.
Found a ring of wizardry.
You see here 6 gold pieces.
You now have 200 gold pieces (gained 6).
Found 15 gold pieces.
The jelly quivers.
An electric eel comes into view.
You hit the jelly.
Your hands burn!
The jelly is moderately wounded.
You hit the jelly but do no damage.
Your hands burn!
The jelly is moderately wounded.
The jelly barely misses you.
You hit the jelly.
Your hands burn!
The jelly is moderately wounded.
The jelly hits you but does no damage.
You hit the jelly. The acid corrodes you!
Your hands burn!
You punch the jelly, but do no damage.
The jelly is moderately wounded.
The jelly hits you.
You are splashed with acid!
You hit the jelly.
Your hands burn!
The jelly is severely wounded.
The jelly barely misses you.
You hit the jelly.
Your hands burn!
* * * LOW HITPOINT WARNING * * *
The jelly is almost dead.
You hit the jelly but do no damage.
Your hands burn!
* * * LOW HITPOINT WARNING * * *
The jelly is almost dead.
The jelly hits you.
* * * LOW HITPOINT WARNING * * *
The acid corrodes you!
You are splashed with acid.
You die...

#...... .....
#...~~~P~P~~
#...P~P~~~~♣ ♣
#....♣~~P~~ ♣~S
.....~~~~♣....
###.#..#.......
#=..)..J.<..#
#......@..##
#$.....#....#
####...#.##.# .
###....#.#..
#.........
#.........
#....#.#..
#....#.# #....#
#


You could see a jelly and an electric eel (asleep).

Vanquished Creatures
  A black bear (D:4)
  A scorpion (D:4)
  A howler monkey (D:5)
  2 hounds
  A jelly (D:5)
  4 orc wizards
  4 adders
  4 gnolls (D:2)
  A shadow imp (D:5)
  An ufetubus (D:5)
  2 worms
  2 dart slugs
  11 orcs
  5 endoplasms
  8 goblins
  3 hobgoblins
  3 jackals (D:5)
  6 kobolds
  A quokka (D:2)
  7 ball pythons
  4 bats (D:2)
  2 frilled lizards (D:2)
  5 rats
79 creatures vanquished.

Vanquished Creatures (others)
  A plant (D:6)
1 creature vanquished.

Grand Total: 80 creatures vanquished

Notes
Turn   | Place    | Note
-------+----------+-------------------------------------------
     0 | D:1      | styxcanada the Spriggan Brigand began the quest for the
                  | Orb.
     0 | D:1      | Reached XP level 1. HP: 10/10 MP: 2/2
    64 | D:1      | Reached skill level 6 in Stealth
   315 | D:1      | Reached XP level 2. HP: 14/14 MP: 3/3
  1420 | D:2      | Reached XP level 3. HP: 15/18 MP: 4/4
  1563 | D:2      | Found a sparkling altar of Nemelex Xobeh.
  1593 | D:2      | Reached skill level 7 in Stealth
  1769 | D:2      | Found a faded altar of an unknown god.
  1848 | D:2      | Reached XP level 4. HP: 6/23 MP: 5/5
  3380 | D:4      | Noticed a black bear
  3403 | D:4      | You fall into a shaft and drop 1 floor!
  3403 | D:5      | Entered Level 5 of the Dungeon
  3701 | D:5      | Reached skill level 8 in Stealth
  3711 | D:5      | Noticed a phantom
  3761 | D:5      | Noticed an ice beast
  3773 | D:5      | Noticed a phantom
  3824 | D:5      | Reached XP level 5. HP: 20/26 MP: 6/6
  4017 | D:5      | Learned a level 3 spell: Confusing Touch
  4713 | D:4      | Reached skill level 1 in Hexes
  4746 | D:4      | Reached skill level 1 in Spellcasting
  4746 | D:4      | Reached XP level 6. HP: 27/31 MP: 8/8
  5046 | D:4      | Reached skill level 1 in Evocations
  5460 | D:5      | Reached XP level 7. HP: 30/35 MP: 10/10
  5743 | D:6      | Splashed by a jelly's acid

Illustrated notes

Levels and vault maps discovered:
D:1:      dpeg_arrival_more_subterranean_lakeside_camping, layout_rooms,
          st_stairs_4, kennysheep_pointless_box
D:2:      layout_rooms, basic_altar, hellmonk_ecumenical_altar_heavens_door,
          kennysheep_decorative_pillar
D:3:      layout_basic
D:4:      layout_basic, hangedman_abyss_or_decor_stagger
D:5:      layout_cave_pods, moated_statue, kennysheep_generic_room_4
D:6:      layout_rooms, serial_bayou, serial_bayou_ford_a, serial_bayou_pond_b,
          serial_bayou_lagoon_a, serial_bayou_lagoon_b, serial_bayou_shore_b,
          uniq_edmund

Skill      XL: |  1  2  3  4  5  6  7 |
---------------+----------------------+-----
Stealth        | 6 7 8 |  8.7
Dodging        | 2 3 4 |  4.1
Fighting       | 2 |  2.6
Short Blades   | 3 |  3.8
Hexes          | 1 2 |  2.0
Spellcasting   | 1 |  1.9
Evocations     | 1 |  1.4
Throwing       | 3 |  3.0

Action                   |  1- 3 |  4- 6 |  7- 9 || total
-------------------------+-------+-------+-------++-------
Melee: Dagger            |    65 |   146 |    12 ||   223
       Punch             |       |     1 |     1 ||     2
Throw: Dart              |    18 |    25 |       ||    43
       Stone             |       |     4 |       ||     4
Evoke: Wand              |       |     3 |       ||     3
  Use: Scroll            |     1 |    10 |     1 ||    12
 Stab: Sleeping          |     5 |     8 |       ||    13
       Distracted        |       |     1 |       ||     1
Armor: Robe              |     7 |    14 |     1 ||    22
Dodge: Dodged            |    50 |   105 |     4 ||   159
